Map: Prion Terraces

Players

EvolvE

  • Race: Terran Terran

LilDicky - Winner!

  • Race: Terran Terran
  • League: Diamond

VOD

http://www.twitch.tv/tumescentpie

Description

Time

  • Played on: Dec. 6, 2015, 8:54 p.m.
  • Length: 5:55
Show
View Real Time Build Order
Export as new Build Order

EvolvE Terran 

Build Orders: Reaper Expand 

Get SALT Encoding   

  12  0:01  SCV  
  13  0:13  SCV  
  14  0:18  Supply Depot  
  14  0:25  SCV  
  15  0:39  SCV  
  16  0:45  Barracks  
  16  0:47  Refinery  
  16  0:52  SCV  
  17  1:04  SCV  
  18  1:16  SCV  
  19  1:32  Reaper, Orbital Command  
  20  1:41  Command Center  
  20  1:46  Refinery  
  20  1:54  Supply Depot  
  20  1:59  SCV  
  21  2:12  Barracks Reactor  
  21  2:14  SCV  
  22  2:23  Factory  
  22  2:26  SCV  
  23  2:39  SCV  
  24  2:49  Marine x2  
  25  2:54  SCV, Orbital Command  
  26  3:06  SCV, Marine x2  
  26  3:08  Factory Tech Lab  
  26  3:09  Starport  
  28  3:21  SCV x2  
  28  3:26  Marine  
  28  3:27  Marine  
  31  3:29  Cyclone  
  35  3:37  SCV x2  
  37  3:49  SCV x2  
  37  3:50  Medivac  
  37  3:51  Marine x2  
  43  3:59  Supply Depot  
  43  4:06  Supply Depot  
  43  4:09  SCV x2  
  45  4:30  Factory Reactor  
  45  4:31  Barracks, Marine x2  
  45  4:33  Barracks  
  45  4:34  SCV x2  
  49  4:42  Raven  
  51  4:46  SCV x2  
  51  5:03  SCV x2, Marine x2  
  53  5:15  SCV x2  
  53  5:16  Widow Mine x2  
  59  5:24  Marine x2  
  52  5:36  SCV x2  
Show
View Real Time Build Order
Export as new Build Order

LilDicky Terran - Winner!

Build Orders: Banshee Rush 

Get SALT Encoding   

  12  0:02  SCV  
  13  0:14  SCV  
  13  0:18  Supply Depot  
  14  0:27  SCV  
  15  0:31  Refinery  
  15  0:40  SCV  
  16  0:45  Barracks  
  16  0:57  SCV  
  17  1:09  SCV  
  18  1:21  SCV  
  19  1:32  Reaper  
  20  1:35  Orbital Command  
  20  1:41  Supply Depot  
  20  1:51  Refinery  
  20  1:55  Factory  
  19  2:09  Marine  
  20  2:17  SCV  
  21  2:24  Supply Depot  
  21  2:26  Marine  
  22  2:40  Factory Tech Lab, Starport  
  21  2:47  Marine  
  21  2:50  SCV  
  23  3:02  SCV  
  24  3:07  Marine  
  25  3:14  SCV  
  26  3:22  Supply Depot  
  26  3:24  Banshee  
  26  3:25  Cloaking Field  
  29  3:36  SCV  
  30  3:50  Marine  
  30  3:53  Factory Tech Lab  
  30  3:54  SCV  
  32  4:06  SCV  
  32  4:07  Banshee, Supply Depot  
  32  4:08  Marine  
  37  4:11  Command Center  
  37  4:27  Siege Tank  
  37  4:28  SCV  
  41  4:33  Supply Depot  
  41  4:36  Marine  
  42  4:40  SCV  
  43  4:49  Banshee  
  46  5:08  Siege Tank, Marine  
Tags
 
Add a new tag
Caveats
  • Supply blocks, unpowered buildings, or Contaminate may cause inaccurate times.
  • Supply counts are checked every 10 seconds.